 Dungeon Crawl Stone Soup version 0.14-a0-1707-g75daffb (webtiles) character file.

150072 ReteAZ the Severer (level 16, -1/149 HPs)
             Began as a Minotaur Fighter on Dec 31, 2013.
             Was a High Priest of Okawaru.
             Engulfed by an ophan's blessed fire (30 damage)
             ... on Level 1 of the Abyss.
             The game lasted 02:55:38 (32310 turns).

ReteAZ the Severer (Minotaur Fighter)              Turns: 32310, Time: 02:55:38

HP  -1/149       AC 41     Str 29      XL: 16   Next: 94%
MP  23/23        EV  8     Int 15      God: Okawaru [*****.]
Gold 1468        SH  0     Dex 11      Spells:  0 memorised, 15 levels left

rFire  . . .     SeeInvis .     p - +4 executioner's axe "Vuza" {venom, rElec rN+ Int+3}
rCold  . . .     Clarity  .     Q - +2 plate armour {rPois}
rNeg   + + .     Conserve .     (no shield)
rPois  +         rCorr    .     N - +2 wizard hat {MR+}
rElec  +         rRot     .     P - +1 cloak {+Inv}
SustAb . .       Spirit   .     q - +5 pair of gloves "Noguof" {Str+4 Dex+2 Int+2}
rMut   .         Warding  +     A - +2 pair of boots {+Jump}
Saprov . . .     Stasis   .     h - amulet of warding
                                c - +4,+5 ring of slaying
                                T - ring "Twentoo" {+Fly Int+3 Acc+4}

@: slowed, very slow, quite resistant to hostile enchantments, extremely
unstealthy
A: retaliatory headbutt, horns 2, iridescent scales 1, clumsy 1, deterioration 1
a: Heroism, Finesse, Renounce Religion, Evoke Invisibility, Evoke Flight, Evoke
Jump Attack


You were on level 1 of the Abyss.
You worshipped Okawaru.
Okawaru was extremely pleased with you.
You were not hungry.

You visited 6 branches of the dungeon, and saw 36 of its levels.
You visited the Abyss 1 time.
You visited 1 bazaar.
You also visited: Labyrinth, Ossuary, Bailey, Ice Cave and Volcano.

You collected 3411 gold pieces.
You spent 1943 gold pieces at shops.

Inventory:

Hand weapons
 e - the +6,+2 battleaxe "Hoahomao" {chop, Int+2}
   (Okawaru gifted it to you on level 4 of the Shoals)

   It inflicts extra damage upon your enemies.
   It affects your intelligence (+2).
 p - the +4,+4 executioner's axe "Vuza" (weapon) {venom, rElec rN+ Int+3}
   (Okawaru gifted it to you on level 8 of the Lair of Beasts)

   It poisons the flesh of those it strikes.
   It affects your intelligence (+3).
   It insulates you from electricity.
   It protects you from negative energy.
Missiles
 D - 7 tomahawks (quivered)
Armour
 a - a +1 cap of see invisible
 q - the +5 pair of gloves "Noguof" (worn) {Str+4 Dex+2 Int+2}
   (You bought it in a shop on level 4 of the Orcish Mines)

   It affects your strength (+4).
   It affects your intelligence (+2).
   It affects your dexterity (+2).
 A - a +2 pair of boots of jumping (worn)
 E - a +4 orcish plate armour of fire resistance
 N - a +2 wizard hat of magic resistance (worn)
 P - a +1 cloak of darkness (worn)
 Q - a +2 plate armour of poison resistance (worn)
Magical devices
 f - a wand of invisibility (3)
 u - a wand of fireball (4)
 U - a wand of fireball (4)
Comestibles
 g - a meat ration
 J - 3 chunks of elf flesh
Scrolls
 d - a scroll of fear
 t - a scroll of brand weapon
 w - 2 scrolls of fog
 C - 2 scrolls of remove curse
 G - a scroll of torment {unknown}
 H - a scroll of amnesia
 I - a scroll of magic mapping
 K - a scroll of holy word {unknown}
 R - 4 scrolls of identify
 Y - a scroll of blinking
Jewellery
 c - a +4,+5 ring of slaying (right hand)
 h - an amulet of warding (around neck)
 k - the ring "Neyfos" {+Fly rF+ rC+}
   (You bought it in a shop on level 4 of the Orcish Mines)

   [ring of protection from fire]

   It protects you from cold.
   It lets you fly.
 o - an uncursed ring of protection from cold
 s - an uncursed ring of sustenance {unknown}
 v - an uncursed ring of magical power
 y - the ring of Xom's Ringing Laughter {+Rage AC+2 Acc+3 Stlth}
   (You found it on level 8 of the Lair of Beasts)

   [ring of protection]

   It affects your AC (+2).
   It affects your accuracy (+3).
   It lets you go berserk.
   It makes you more stealthy.
 B - an uncursed ring of ice
 F - a +4 ring of protection
 T - the ring "Twentoo" (left hand) {+Fly Int+3 Acc+4}
   (You bought it in a shop in a bazaar)

   [ring of flight]

   It affects your intelligence (+3).
   It affects your accuracy (+4).
Potions
 b - a potion of agility
 i - 3 potions of brilliance
 j - 2 potions of resistance {unknown}
 l - a potion of flight {unknown}
 m - a potion of restore abilities
 n - 2 potions of berserk rage
 r - 2 potions of might
 x - a potion of speed
 z - 3 potions of lignification
 M - 2 potions of paralysis
 O - 4 potions of curing


   Skills:
 - Level 15.0 Fighting
 - Level 20.5 Axes
 + Level 20.4 Armour
   Level 3.6 Shields
 - Level 8.0 Invocations
 - Level 8.3 Evocations


You had 15 spell levels left.
You didn't know any spells.

Dungeon Overview and Level Annotations

Branches:
Dungeon (16/16)            Temple (1/1) D:7             Orc (4/4) D:12
    Elf (0/3) Orc:4          Lair (8/8) D:10         Shoals (4/5) Lair:5
  Snake (3/5) Lair:4        Slime (0/6) Lair:6       Vaults (0/5) D:14
 Depths: D:16

Altars:
Cheibriados
Elyvilon
Fedhas
Kikubaaqudgha
Nemelex Xobeh
Okawaru
Sif Muna
Trog
Xom
the Shining One
Beogh

Shops:
D:7 }   Orc:4 =[(*   Shoals:1 =   Shoals:2 (   Snake:3 ?

Annotations:
Shoals:3 exclusion: oklob plant
Shoals:4 Louise


Innate Abilities, Weirdness & Mutations

You reflexively headbutt those who attack you in melee.
You have a pair of horns on your head.
You are partially covered in iridescent scales (AC +4).
You are clumsy. (Dex -2)
Your body is slowly deteriorating.


Message History

The cacodemon hits you but does no damage.
The cacodemon hits you.
* * * LOW HITPOINT WARNING * * *
The orange demon stings you from afar.
* * * LOW HITPOINT WARNING * * *
The cacodemon hits you but does no damage.
The wraith barely misses you. You furiously retaliate!
You headbutt the wraith, but do no damage.
The ophan calls forth blessed flames!
Blessed fire suddenly surrounds you!
Really walk into that cloud of blessed fire?
You are engulfed in blessed fire.
* * * LOW HITPOINT WARNING * * *
The cacodemon gestures at you.
You feel yourself slow down.
The ophan calls forth blessed flames!
Blessed fire suddenly surrounds you!
A sixfirhy comes into view.
You are engulfed in blessed fire.
You die...

#... .#.#. #.
.. .##.#)##.##
...#G..))#..#..
. .
............##
# ##G#..4.#
#.#. #
##§§#x.§# ..# .
. )#X###W##.#
##§###§2§§.##
#.######@..#
##. #4.§.#.# .
......###. .. .
##.4##.##.. #.#
. .# . .# #..
≈. ## .≈ ≈ .≈≈
## .. ≈≈ ≈≈≈≈ ≈
♣≈ .#


You could see a cacodemon, an orange demon, 2 sixfirhies, a wraith and a small
abomination.

Vanquished Creatures
  Saint Roka (Shoals:3)
  Polyphemus (Shoals:4)
  A kraken (Shoals:3)
  Gastronok (Lair:2)
  2 blizzard demons (IceCv)
  5 dire elephants (Lair:8)
  A minotaur (Lab)
  2 vault guards (D:14)
  A siren (Shoals:4)
  An ice dragon (D:15)
  Harold (Lair:2)
  9 hydras
  Erica (Lair:3)
  An anaconda (shapeshifter) (Abyss:1)
  5 anacondas
  A rakshasa (Abyss:1)
  An ogre mage (D:16)
  A wretched star (Abyss:1)
  5 naga warriors
  A thrashing horror (Abyss:1)
  7 orc high priests (Orc:4)
  2 catoblepae
  10 death yaks
  Nergalle (D:11)
  A deep elf knight (Abyss:1)
  2 centaur warriors
  A wizard (D:14)
  The ghost of Jenx the Covert, an experienced KoBe of Trog (D:9)
  5 unseen horrors
  8 ice devils
  3 large abominations (Abyss:1)
  Erolcha (Orc:4)
  5 sea snakes
  6 hill giants
  2 necromancers (D:14)
  2 ice statues (IceCv)
  7 orc knights (Orc:4)
  16 harpies
  3 deep elf conjurers (Abyss:1)
  2 griffons
  3 slime creatures (D:14)
  7 cyclopes
  3 orc sorcerers
  An oklob plant (Lair:1)
  A spiny worm (D:16)
  Maurice (Orc:2)
  9 elephants
  A guardian serpent (Snake:3)
  12 black mambas
  4 deep elf summoners (Abyss:1)
  2 orange demons
  Psyche (Orc:2)
  A feature mimic (D:13)
  6 spiny frogs
  2 octopodes
  3 raiju (Abyss:1)
  3 mermaids
  7 blue devils (IceCv)
  2 demonic crawlers (D:14)
  4 naga magi
  An ancient zyme (Abyss:1)
  2 deep elf priests
  A guardian mummy (Volcano)
  Grinder (D:5)
  5 komodo dragons
  4 fire drakes
  A queen bee (D:14)
  2 hydra skeletons
  A troll (D:10)
  3 blink frogs (Lair:8)
  2 two-headed ogres
  A baby alligator (shapeshifter) (D:13)
  A minotaur skeleton (Volcano)
  6 snapping turtles
  3 boulder beetles
  A flying skull (Volcano)
  4 shadows
  2 basilisks
  3 vampires (Volcano)
  A trapdoor spider (D:13)
  27 yaks
  15 ugly things
  A hill giant zombie (D:11)
  A wraith (D:15)
  22 humans
  2 deep elf magi (Abyss:1)
  3 elephant slugs
  A neqoxec (Shoals:3)
  A tarantella (shapeshifter) (D:15)
  A wyvern (D:11)
  2 deep elf fighters
  Grum (D:10)
  4 vampire mosquitoes (D:16)
  12 hippogriffs
  A soldier ant (shapeshifter) (D:14)
  11 merfolk
  10 wolves
  A necrophage (D:10)
  2 hungry ghosts
  Menkaure (Ossuary)
  8 sharks
  2 manticores
  3 mottled dragons
  3 small abominations (Abyss:1)
  7 ice beasts
  10 porcupines
  2 phantoms
  A black bear (shapeshifter) (D:16)
  12 nagas
  3 black bears
  14 ogres
  12 crocodiles
  38 orc warriors
  2 tengu (D:13)
  2 sky beasts
  5 wargs
  3 giant goldfish
  The ghost of mopl the Charmwright, an average HESk (D:3)
  5 big kobolds
  14 centaurs
  Sigmund (D:5)
  10 giant slugs
  Blork the orc (D:8)
  27 water moccasins
  A manticore zombie (Shoals:3)
  A wyvern zombie (D:12)
  17 giant frogs
  A draconian skeleton (Volcano)
  An eye of draining (D:16)
  A troll zombie (D:13)
  A cyclops skeleton (D:10)
  4 jellyfish
  3 manticore skeletons
  5 electric eels
  5 agate snails
  3 troll skeletons (Volcano)
  41 killer bees
  7 crimson imps
  3 goliath beetles
  2 jellies
  6 hounds
  Crazy Yiuf (D:6)
  3 quasits
  33 orc wizards
  3 big fish (Lair:6)
  An iron imp (Abyss:1)
  2 centaur skeletons (Volcano)
  2 giant frog skeletons
  41 orc priests
  7 orange rats (Lair:4)
  10 iguanas
  4 scorpions
  7 worker ants
  A shapeshifter simulacrum (D:15)
  30 sheep
  A big kobold skeleton (D:13)
  A brain worm zombie (D:12)
  A big kobold zombie (D:11)
  An ogre skeleton (Volcano)
  A tengu skeleton (Volcano)
  A hound zombie (D:6)
  A hound skeleton (D:9)
  6 mummies
  A naga skeleton (Volcano)
  36 adders
  45 green rats
  2 worker ant zombies
  3 giant centipedes
  2 giant mites
  7 white imps
  6 worms
  5 ufetubi (IceCv)
  A scorpion zombie (D:8)
  A giant eyeball (D:11)
  An iguana skeleton (D:10)
  2 oozes
  195 orcs
  A ball python (Snake:1)
  19 goblins
  21 hobgoblins
  31 bats
  4 giant cockroaches
  3 giant geckos
  11 giant newts
  A giant newt skeleton (D:4)
  6 gnoll skeletons (Ossuary)
  6 goblin skeletons
  3 goblin zombies (Ossuary)
  4 hobgoblin skeletons
  6 hobgoblin zombies (Ossuary)
  20 jackals
  48 kobolds
  A kobold skeleton (D:4)
  4 kobold zombies (Ossuary)
  A lurking horror (Abyss:1)
  An orc skeleton (Ossuary)
  4 orc zombies
  7 quokkas
  24 rats
  5 rat skeletons (Ossuary)
  6 rat zombies (Ossuary)
  7 fungi
  15 plants
  4 tentacles (Shoals:3)
1380 creatures vanquished.

Vanquished Creatures (others)
  A large abomination (Abyss:1)
  A boulder beetle (D:14)
  A goliath beetle (D:14)
  2 white imps (IceCv)
  4 ufetubi (IceCv)
  An orc (Orc:4)
  A gnoll skeleton (Ossuary)
  A goblin skeleton (Ossuary)
  A goblin zombie (Ossuary)
  2 kobold skeletons (Ossuary)
  2 orc skeletons (Ossuary)
  A rat (Lair:6)
  3 rat zombies (Ossuary)
  5 fungi
  5 plants
  8 tentacles (Shoals:3)
  48 tentacle segments (Shoals:3)
87 creatures vanquished.

Grand Total: 1467 creatures vanquished

Notes
Turn   | Place    | Note
--------------------------------------------------------------
     0 | D:1      | ReteAZ, the Minotaur Fighter, began the quest for the Orb.
     0 | D:1      | Reached XP level 1. HP: 19/19 MP: 1/1
   223 | D:1      | Reached XP level 2. HP: 27/27 MP: 1/1
   229 | D:1      | Reached skill level 4 in Fighting
   789 | D:2      | Reached XP level 3. HP: 25/33 MP: 2/2
  1047 | D:2      | Reached skill level 5 in Axes
  1047 | D:2      | Reached XP level 4. HP: 33/40 MP: 2/2
  2021 | D:3      | Noticed mopl's ghost (average HESk)
  2027 | D:3      | Killed mopl's ghost
  2027 | D:3      | Reached skill level 6 in Axes
  2027 | D:3      | Reached XP level 5. HP: 46/46 MP: 2/2
  2821 | D:4      | Reached skill level 7 in Axes
  2979 | D:4      | Reached XP level 6. HP: 50/52 MP: 3/3
  3359 | D:4      | Reached skill level 8 in Axes
  3864 | D:5      | Entered Level 5 of the Dungeon
  3904 | D:5      | Noticed Grinder
  3925 | D:5      | Killed Grinder
  3925 | D:5      | Reached skill level 9 in Axes
  3925 | D:5      | Reached XP level 7. HP: 19/59 MP: 3/3
  4061 | D:5      | Reached skill level 10 in Axes
  4205 | D:5      | Noticed Sigmund
  4222 | D:5      | Killed Sigmund
  4477 | D:5      | Found an ancient bone altar of Kikubaaqudgha.
  4478 | D:5      | Found a shimmering altar of Xom.
  4739 | D:6      | Reached skill level 11 in Axes
  4739 | D:6      | Reached XP level 8. HP: 62/66 MP: 3/3
  4849 | D:6      | Noticed Crazy Yiuf
  4853 | D:6      | Killed Crazy Yiuf
  5131 | D:6      | Reached skill level 12 in Axes
  5150 | D:6      | Noticed a moth of wrath
  5152 | D:6      | Found a bloodstained altar of Trog.
  5189 | D:6      | Got a steaming war axe
  5190 | D:6      | Identified the cursed +10,+5 war axe of the Skies Above {speed, Str+2} (You found it on level 6 of the Dungeon)
  5907 | D:7      | Found a white marble altar of Elyvilon.
  6076 | D:7      | Found Cloizilu's Gadget Shop.
  6081 | D:7      | Found a staircase to the Ecumenical Temple.
  6103 | Temple   | Entered the Ecumenical Temple
  6125 | Temple   | Became a worshipper of Warmaster Okawaru
  6335 | D:7      | Reached skill level 13 in Axes
  6358 | D:7      | Got a polished dagger
  6454 | D:8      | Reached XP level 9. HP: 71/71 MP: 4/4
  6575 | D:8      | Acquired Okawaru's first power
  6613 | D:8      | Found a sand-covered staircase.
  6619 | Ossuary  | Entered an ossuary
  6859 | Ossuary  | Noticed Menkaure
  6865 | Ossuary  | Killed Menkaure
  6865 | Ossuary  | Reached skill level 14 in Axes
  7051 | D:8      | Noticed Blork the orc
  7057 | D:8      | Killed Blork the orc
  7089 | D:8      | Found a snail-covered altar of Cheibriados.
  7516 | D:9      | Reached skill level 15 in Axes
  7566 | D:9      | Noticed Jenx's ghost (experienced KoBe)
  7600 | D:9      | Killed Jenx's ghost
  7629 | D:9      | Found a flagged portal.
  7643 | Bailey   | Entered a bailey
  7996 | D:9      | Reached XP level 10. HP: 72/78 MP: 4/4
  8163 | D:9      | Reached skill level 16 in Axes
  8178 | D:9      | Reached skill level 5 in Armour
  8407 | D:10     | Entered Level 10 of the Dungeon
  8407 | D:10     | Noticed a hill giant
  8443 | D:10     | Noticed Grum
  8462 | D:10     | Killed Grum
  8615 | D:10     | Identified the cursed +2,+0 dagger of the Depths {pain, rPois} (You found it on level 7 of the Dungeon)
  8622 | D:10     | Gained mutation: You are partially covered in iridescent scales (AC +4). [potion of beneficial mutation]
  8661 | D:10     | Killed a hill giant
  8930 | D:10     | Found a staircase to the Lair.
  9002 | D:11     | Noticed a cyclops
  9021 | D:11     | Killed a cyclops
  9021 | D:11     | Reached skill level 10 in Armour
  9122 | D:11     | Noticed Nergalle
  9134 | D:11     | Killed Nergalle
  9342 | D:11     | Found a bloodstained altar of Trog.
  9360 | D:11     | Reached skill level 5 in Fighting
  9360 | D:11     | Reached XP level 11. HP: 71/86 MP: 4/4
  9362 | D:11     | Noticed a hill giant
  9383 | D:11     | Killed a hill giant
  9383 | D:11     | Acquired Okawaru's second power
  9789 | D:12     | Found a staircase to the Orcish Mines.
 10529 | D:13     | Noticed a hill giant
 10538 | D:13     | Killed a hill giant
 10759 | D:13     | Killed an unseen horror
 10768 | D:13     | Found a labyrinth entrance.
 10782 | Lab      | Entered a labyrinth
 11046 | Lab      | Noticed a minotaur
 11061 | Lab      | Killed a minotaur
 11082 | D:13     | Identified a +4 rod of frigid destruction (10/10) (You found it in a labyrinth)
 11083 | D:13     | Identified a +2 rod of venom (11/11) (You found it in a labyrinth)
 11847 | D:14     | Noticed a centaur warrior
 11860 | D:14     | Killed a centaur warrior
 11860 | D:14     | Received a gift from Okawaru
 12064 | D:14     | Reached XP level 12. HP: 73/103 MP: 2/5
 12098 | D:14     | Noticed a wizard
 12098 | D:14     | Noticed a necromancer
 12112 | D:14     | Killed a wizard
 12113 | D:14     | Killed a necromancer
 12141 | D:14     | Found a gate to the Vaults.
 12141 | D:14     | Noticed a vault guard
 12141 | D:14     | Noticed a necromancer
 12141 | D:14     | Noticed a vault guard
 12149 | D:14     | Killed a necromancer
 12155 | D:14     | Killed a vault guard
 12155 | D:14     | Reached skill level 15 in Armour
 12162 | D:14     | Killed a vault guard
 12247 | D:14     | Reached skill level 10 in Fighting
 12810 | D:14     | Reached skill level 1 in Invocations
 13040 | D:14     | Noticed an eight-headed hydra
 13052 | D:14     | Killed a 14-headed hydra
 13229 | D:15     | Entered Level 15 of the Dungeon
 13310 | D:15     | Reached skill level 5 in Invocations
 13513 | D:15     | Reached XP level 13. HP: 87/113 MP: 18/18
 13609 | D:15     | Received a gift from Okawaru
 13662 | D:15     | Noticed a five-headed hydra
 13713 | D:15     | Killed a 19-headed hydra
 14048 | D:15     | Noticed an ice dragon
 14068 | D:15     | Killed an ice dragon
 14396 | D:16     | Entered Level 16 of the Dungeon
 14724 | D:16     | Reached skill level 17 in Axes
 14938 | D:16     | Found a frozen archway.
 15105 | IceCv    | Entered an ice cave
 15422 | IceCv    | Noticed a blizzard demon
 15436 | IceCv    | Killed a blizzard demon
 15441 | IceCv    | Noticed a blizzard demon
 15448 | IceCv    | Killed a blizzard demon
 15448 | IceCv    | Reached skill level 18 in Axes
 15604 | IceCv    | Received a gift from Okawaru
 16199 | D:16     | Reached XP level 14. HP: 77/121 MP: 21/21
 16282 | D:16     | Reached skill level 19 in Axes
 16407 | Lair:1   | Entered Level 1 of the Lair of Beasts
 16407 | Lair:1   | Found a glowing golden altar of the Shining One.
 16871 | Lair:2   | Noticed Gastronok
 16880 | Lair:2   | Killed Gastronok
 17238 | Lair:2   | Noticed Harold
 17250 | Lair:2   | Killed Harold
 17665 | Lair:2   | Received a gift from Okawaru
 18011 | Lair:3   | Noticed Erica
 18018 | Lair:3   | Killed Erica
 18612 | Lair:3   | Found a shimmering altar of Xom.
 19194 | Lair:4   | Found a staircase to the Snake Pit.
 20047 | Lair:5   | Reached skill level 20 in Axes
 20200 | Lair:5   | Found a staircase to the Shoals.
 20827 | Lair:6   | Found a staircase to the Slime Pits.
 20827 | Lair:6   | Noticed an acid blob
 20827 | Lair:6   | Noticed an acid blob
 21565 | Lair:7   | Received a gift from Okawaru
 22553 | Lair:8   | Entered Level 8 of the Lair of Beasts
 22561 | Lair:8   | Got a steaming ivory ring
 22576 | Lair:8   | Identified the ring of Xom's Ringing Laughter {+Rage AC+2 Acc+3 Stlth} (You found it on level 8 of the Lair of Beasts)
 22619 | Lair:8   | Received a gift from Okawaru
 22621 | Lair:8   | Reached skill level 1 in Evocations
 22625 | Lair:8   | Got a crystal executioner's axe {god gift}
 22626 | Lair:8   | Identified the +4,+4 executioner's axe "Vuza" {venom, rElec rN+ Int+3} (Okawaru gifted it to you on level 8 of the Lair of Beasts)
 22900 | Lair:8   | Reached XP level 15. HP: 89/133 MP: 19/22
 23727 | Lair:8   | Received a gift from Okawaru
 23758 | Lair:8   | Reached skill level 5 in Evocations
 24003 | Snake:1  | Entered Level 1 of the Snake Pit
 24023 | Snake:1  | Found a flickering gateway to a bazaar.
 24040 | Bazaar   | Entered a bazaar
 24041 | Bazaar   | Found Itaf's Assorted Antiques.
 24043 | Bazaar   | Found Cekk's Jewellery Shop.
 24049 | Bazaar   | Bought a scroll labeled UNEPTY SHRYOSOH for 28 gold pieces
 24084 | Bazaar   | Found Veacris' Magic Scroll Shoppe.
 24102 | Bazaar   | Found Shuto's Book Boutique.
 24112 | Bazaar   | Bought a book of Wizardry for 270 gold pieces
 24145 | Bazaar   | Bought a brown potion for 25 gold pieces
 24154 | Bazaar   | Bought the ring "Twentoo" {+Fly Int+3 Acc+4} for 591 gold pieces
 25804 | Snake:3  | Noticed Mara
 25810 | Snake:3  | Noticed Mara
 25810 | Snake:3  | Noticed ReteAZ's illusion
 26133 | Snake:3  | Found Hunoups' Magic Scroll Shoppe.
 26169 | Snake:3  | Received a gift from Okawaru
 26181 | Snake:3  | Bought a scroll of enchant weapon I for 93 gold pieces
 26181 | Snake:3  | Bought a scroll of enchant armour for 93 gold pieces
 26372 | Snake:3  | Noticed Mara
 26372 | Snake:3  | Noticed Mara
 26373 | Snake:3  | Noticed ReteAZ's illusion
 26700 | Orc:1    | Entered Level 1 of the Orcish Mines
 27465 | Orc:2    | Found a dark tunnel.
 27490 | Volcano  | Entered a volcano
 27780 | Orc:2    | Noticed Psyche
 27785 | Orc:2    | Killed Psyche
 27865 | Orc:2    | Noticed Maurice
 27881 | Orc:2    | Killed Maurice
 28250 | Orc:3    | Found a roughly hewn altar of Beogh.
 28397 | Orc:4    | Entered Level 4 of the Orcish Mines
 28397 | Orc:4    | Noticed Erolcha
 28409 | Orc:4    | Killed Erolcha
 28699 | Orc:4    | Found a staircase to the Elven Halls.
 28737 | Orc:4    | Reached skill level 15 in Fighting
 28747 | Orc:4    | Received a gift from Okawaru
 29087 | Orc:4    | Gained mutation: You are clumsy. (Dex -2) [a neqoxec]
 29462 | Orc:4    | Reached XP level 16. HP: 68/149 MP: 23/23
 30107 | Orc:4    | Found Reinergh's Assorted Antiques.
 30107 | Orc:4    | Found Plaghi's Jewellery Shop.
 30107 | Orc:4    | Found Doypeirch's Antique Weapon Boutique.
 30107 | Orc:4    | Found Cyipnot's Armour Shop.
 30122 | Orc:4    | Bought a pair of warped gloves for 186 gold pieces
 30127 | Orc:4    | Identified the cursed +5 pair of gloves "Noguof" {Str+4 Dex+2 Int+2} (You bought it in a shop on level 4 of the Orcish Mines)
 30134 | Orc:4    | Bought the ring "Neyfos" {+Fly rF+ rC+} for 657 gold pieces
 30375 | Shoals:1 | Entered Level 1 of the Shoals
 30533 | Shoals:1 | Found Podemnut's Jewellery Shoppe.
 31026 | Shoals:2 | Found Wocuunim's Antique Weapon Boutique.
 31167 | Shoals:3 | Gained mutation: Your body is slowly deteriorating. [a neqoxec]
 31168 | Shoals:3 | Paralysed by an orc sorcerer for 2 turns
 31172 | Shoals:3 | Noticed Saint Roka
 31602 | Shoals:3 | Killed Saint Roka
 31697 | Shoals:4 | Noticed Polyphemus
 31707 | Shoals:4 | Received a gift from Okawaru
 31720 | Shoals:4 | Killed Polyphemus
 31732 | Shoals:4 | Got a shimmering battleaxe {god gift}
 31733 | Shoals:4 | Identified the +6,+2 battleaxe "Hoahomao" {chop, Int+2} (Okawaru gifted it to you on level 4 of the Shoals)
 31822 | Shoals:4 | Noticed Louise
 31841 | Shoals:4 | Cast into the Abyss (Louise)
 31841 | Abyss:1  | Found a corrupted altar of Lugonu.
 32224 | Abyss:1  | Received a gift from Okawaru
 32310 | Abyss:1  | Engulfed by an ophan's blessed fire

Action                   |  1- 3 |  4- 6 |  7- 9 | 10-12 | 13-15 | 16-18 || total
-------------------------+-------+-------+-------+-------+-------+-------++-------
Melee: Hand axe          |   114 |   233 |   135 |       |       |       ||   482
       War axe           |       |       |   299 |   725 |   350 |       ||  1374
       Executioner's axe |       |       |       |       |  1006 |   314 ||  1320
       Battleaxe         |       |       |       |       |   210 |       ||   210
Throw: Tomahawk          |       |       |     7 |     8 |    16 |       ||    31
Invok: Heroism           |       |       |     1 |    13 |    31 |     8 ||    53
       Finesse           |       |       |       |     1 |    10 |     3 ||    14
 Abil: Evoke Invisibilit |       |       |       |       |     1 |       ||     1
       Evoke Jump Attack |       |       |       |       |       |     2 ||     2
       Evoke Flight      |       |       |       |       |       |     1 ||     1
Evoke: Wand              |       |       |       |     8 |    20 |     2 ||    30
  Use: Scroll            |       |       |    15 |    12 |    28 |     5 ||    60
       Potion            |       |       |     4 |    10 |     6 |     8 ||    28
 Stab: Confused          |       |       |       |     1 |     1 |       ||     2
